 Dungeon Crawl Stone Soup version 0.28-a0-241-gfbb0926a3a (webtiles) character file.

Game seed: 15697756618988980140

5179 Colgate the Cruncher (level 10, -9/80 HPs)
             Began as a Formicid Fighter on Aug 24, 2021.
             Was a Believer of Yredelemnul.
             Mangled by an orc warrior (16 damage)
             ... on level 9 of the Dungeon.
             The game lasted 00:24:40 (14204 turns).

Colgate the Cruncher (Formicid Fighter)            Turns: 14204, Time: 00:24:41

Health: -9/80      AC: 20    Str: 24    XL:     10   Next: 90%
Magic:  10/10      EV:  5    Int: 14    God:    Yredelemnul [**....]
Gold:   357        SH: 10    Dex: 10    Spells: 9/9 levels left

rFire   . . .      SeeInvis +   Y - +0 quarterstaff
rCold   . . .      Faith    +   c - +0 kite shield
rNeg    . . .      Spirit   .   e - +0 crystal plate armour "Wimuloev" {Harm Will+ Int+6 Stlth-}
rPois   .          Reflect  .   (helmet unavailable)
rElec   .          Harm     +   k - +0 cloak
rCorr   .          Rampage  .   (no gloves)
Will    ++...                   (no boots)
Stlth   ..........              h - amulet of faith
HPRegen 0.23/turn               (no ring)
MPRegen 0.12/turn               (no ring)

@: no status effects
A: permanent stasis, dig shafts and tunnels, antennae 3, four strong arms
a: Dig, Shaft Self, Renounce Religion, Animate Remains, Recall Undead Slaves,
Injury Mirror


You were on level 9 of the Dungeon.
You worshipped Yredelemnul.
Yredelemnul was pleased with you.
You visited 1 branch of the dungeon, and saw 9 of its levels.

You collected 357 gold pieces.


Innate Abilities, Weirdness & Mutations

You cannot be hasted, slowed, berserked, paralysed or teleported.
You can dig through walls and to a lower floor.
You have a pair of large antennae on your head. (SInv)
Your four strong arms can wield two-handed weapons with a shield.


   Skills:
 - Level 7.7 Fighting
 + Level 10.2 Staves
 - Level 8.0 Armour
 - Level 1.0 Dodging
 - Level 9.2 Shields


You had 9 spell levels left.
You didn't know any spells.
Your spell library was empty.

Inventory:

Hand Weapons
 Y - a +0 quarterstaff (weapon)
Missiles
 b - 4 silver javelins
Armour
 c - a +0 kite shield (worn)
 e - the +0 crystal plate armour "Wimuloev" (worn) {Harm Will+ Int+6 Stlth-}
   (You acquired it on level 2 of the Dungeon)

   Int:       It affects your intelligence (+6).
   Harm:      It increases damage dealt and taken.
   Will:      It increases your willpower.
   Stlth:     It makes you less stealthy.
 k - a +0 cloak (worn)
Jewellery
 h - an amulet of faith (around neck)
Wands
 g - a wand of digging (7)
Scrolls
 a - a scroll of identify
Potions
 d - 4 potions of might
 f - 6 potions of curing
 j - a potion of mutation

Dungeon Overview and Level Annotations

Branches:
Dungeon (9/15)             Temple (0/1) D:5
   Lair: D:8-11         Orc: D:9-12

Altars:
Ashenzari
Hepliaklqana
Kikubaaqudgha
Makhleb
Nemelex Xobeh
Ru
Trog
Xom
Yredelemnul
The Shining One

Shops:
D:1 (


Message History

The vampire is healed by the life force!
The gnoll sergeant hits you but does no damage.
You block the orc warrior's attack.
You sock the vampire!
You destroy the vampire!
Yredelemnul accepts your kill.
A water moccasin comes into view.
The gnoll sergeant hits you but does no damage.
The orc warrior hits you from afar with a +0 trident!
The gnoll sergeant hits you but does no damage.
The orc warrior hits you with a +0 trident!
Things that are here:
a +0 hand axe; a +0 chain mail
14196 ||| Stepping ~*~*~tactically~*~*~ (outnumbered).
The gnoll sergeant completely misses you.
The orc warrior hits you from afar with a +0 trident!
The gnoll sergeant hits you with a +0 spear.
You block the orc warrior's attack.
Things that are here:
a +0 hand axe; a +0 chain mail
14198 ||| Stepping ~*~*~tactically~*~*~ (outnumbered).
You block the gnoll sergeant's attack.
The orc warrior hits you but does no damage.
The gnoll sergeant hits you with a +0 spear.
The orc warrior hits you with a +0 trident!
Things that are here:
a +0 hand axe; a +0 chain mail You closely miss the orc warrior.
The gnoll sergeant hits you but does no damage.
14201 ||| Stepping ~*~*~tactically~*~*~ (outnumbered).
The orc warrior barely misses you.
The gnoll sergeant hits you but does no damage.
The orc warrior barely misses you. You block the gnoll sergeant's attack.
Things that are here:
a +0 hand axe; a +0 chain mail
14203 ||| Stepping ~*~*~tactically~*~*~ (outnumbered).
The orc warrior barely misses you. The gnoll sergeant barely misses you.
The orc warrior hits you with a +0 trident!
You die...
Your body rises from the dead as a mindless zombie.

{
######################
........@oS..........#
.....####gZ..#...##..#
... #....#...###.# .
#....##..###.#...
.....###......#.{.
...#...# ##.....#...
...Z#...# ###...#...
... #..## ####.#... .#
#..# ####....#...


You could see an orc warrior, a water moccasin, a gnoll sergeant and a centaur
zombie.

Vanquished Creatures
  A two-headed ogre (D:9)
  A deep elf pyromancer (D:9)
  A hornet (D:8)
  Sigmund (D:2)
  A vampire (D:9)
  2 steam dragons (D:8)
  Menkaure (D:4)
  An acid dragon (D:8)
  A water moccasin (D:8)
  2 ice beasts (D:7)
  4 orc warriors
  3 ogres (D:5)
  2 black bears
  2 centaurs
  A necrophage (D:6)
  A phantom (D:6)
  A kobold brigand (D:8)
  2 bullfrogs
  5 scorpions
  A water moccasin skeleton (D:5)
  8 killer bees
  3 wights (D:7)
  A howler monkey (D:6)
  An electric eel (D:8)
  A bullfrog zombie (D:6)
  2 hounds
  A centaur skeleton (D:6)
  3 orc priests
  An iguana (D:5)
  7 orc wizards
  A hound skeleton (D:5)
  A howler monkey zombie (D:8)
  9 adders
  2 river rats (D:3)
  3 dart slugs
  17 orcs
  9 ball pythons
  5 endoplasms
  5 giant cockroaches
  5 goblins
  7 hobgoblins
  6 jackals
  4 kobolds
  5 quokkas
  7 bats
  5 frilled lizards
  10 rats
163 creatures vanquished.

Vanquished Creatures (others)
  3 orcs (D:8)
  A bush (D:9)
  A fungus (D:9)
  17 plants (D:9)
22 creatures vanquished.

Grand Total: 185 creatures vanquished

Notes
Turn   | Place    | Note
-------+----------+-------------------------------------------
     0 | D:1      | Colgate the Formicid Fighter began the quest for the Orb.
     0 | D:1      | Reached XP level 1. HP: 18/18 MP: 1/1
     0 | D:1      | 0 ||| counter = 80
   264 | D:1      | 264 ||| READING scroll labelled HOAGATZUTU.
   335 | D:1      | Reached XP level 2. HP: 24/24 MP: 2/2
   377 | D:1      | Found Ecunwo's Antique Weapon Shoppe.
   541 | D:1      | Reached skill level 3 in Staves
   574 | D:1      | Found a faded altar of an unknown god.
  1035 | D:1      | 1035 ||| READING 3 scrolls labelled LEGIOCVAROES.
  1065 | D:2      | Reached XP level 3. HP: 25/29 MP: 3/3
  1065 | D:2      | 1065 ||| STAIRDANCE
  1121 | D:2      | Noticed Sigmund
  1132 | D:2      | HP: 2/29 [Sigmund (10)]
  1133 | D:2      | Killed Sigmund
  1134 | D:2      | Reached skill level 5 in Staves
  1134 | D:2      | Reached XP level 4. HP: 3/35 MP: 4/4
  1134 | D:2      | Reached XP level 5. HP: 4/41 MP: 5/5
  1685 | D:2      | Reached skill level 1 in Dodging
  1685 | D:2      | Reached XP level 6. HP: 47/47 MP: 6/6
  2216 | D:2      | 2216 ||| READING scroll labelled ZIWAUPOE BOETA.
  2216 | D:2      | Identified a scroll of acquirement
  2216 | D:2      | 2216 ||| ACQUIRING +0 crystal plate armour "Wimuloev" {Harm
                  | Will+ Int+6 Stlth-}
  2216 | D:2      | Acquired the +0 crystal plate armour "Wimuloev" {Harm Will+
                  | Int+6 Stlth-}
  2218 | D:2      | 2218 ||| UPGRADING to +0 crystal plate armour "Wimuloev"
                  | {Harm Will+ Int+6 Stlth-}.
  2228 | D:2      | 2228 ||| DROPPING +0 scale mail.
  2229 | D:2      | 2229 ||| READING scroll labelled ISUANW UKHLI.
  2874 | D:3      | Reached skill level 6 in Staves
  2967 | D:3      | 2967 ||| Stepping ~*~*~tactically~*~*~ (water).
  3073 | D:3      | 3073 ||| READING scroll labelled YHAEZXY DUEP.
  3074 | D:3      | 3074 ||| READING 3 scrolls of identify.
  3074 | D:3      | 3074 ||| IDENTIFYING fizzy pink potion
  3075 | D:3      | 3075 ||| READING 2 scrolls of identify.
  3075 | D:3      | 3075 ||| IDENTIFYING yellow potion
  3076 | D:3      | 3076 ||| DROPPING potion of magic.
  3284 | D:4      | Found a basalt altar of Yredelemnul.
  3289 | D:4      | Became a worshipper of Yredelemnul the Dark
  3329 | D:4      | Found a sacrificial altar of Ru.
  3480 | D:4      | Found a hazy altar of Hepliaklqana.
  3525 | D:4      | Noticed Menkaure
  3531 | D:4      | Killed Menkaure
  3532 | D:4      | Reached XP level 7. HP: 41/55 MP: 7/7
  3850 | D:4      | Found a sparkling altar of Nemelex Xobeh.
  4008 | D:4      | 4008 ||| READING scroll labelled JIER VOWOSM.
  4009 | D:4      | 4009 ||| DRINKING 2 fuming black potions.
  4010 | D:4      | 4010 ||| READING 2 scrolls of identify.
  4010 | D:4      | 4010 ||| IDENTIFYING bubbling golden potion
  4011 | D:4      | 4011 ||| DROPPING potion of brilliance.
  4026 | D:5      | Entered Level 5 of the Dungeon
  4184 | D:5      | Reached skill level 7 in Staves
  4282 | D:5      | 4282 ||| STAIRDANCE
  4405 | D:4      | 4405 ||| READING scroll labelled MOIFAT UNWOJ.
  4412 | D:5      | Reached XP level 8. HP: 29/61 MP: 8/8
  4412 | D:5      | 4412 ||| STAIRDANCE
  4591 | D:5      | 4591 ||| STAIRDANCE
  4714 | D:5      | 4714 ||| STAIRDANCE
  5224 | D:5      | Found a staircase to the Ecumenical Temple.
  5312 | D:5      | Found a glowing golden altar of the Shining One.
  5456 | D:5      | Reached * piety under Yredelemnul
  5523 | D:5      | 5523 ||| READING scroll labelled KOMAYCIGOA.
  5580 | D:6      | Reached skill level 8 in Staves
  5590 | D:6      | 5590 ||| STAIRDANCE
  5704 | D:6      | Found a bloodstained altar of Trog.
  5715 | D:6      | Reached skill level 6 in Shields
  5786 | D:6      | Reached XP level 9. HP: 55/68 MP: 9/9
  5900 | D:6      | 5900 ||| Stepping ~*~*~tactically~*~*~ (outnumbered).
  5903 | D:6      | 5903 ||| Stepping ~*~*~tactically~*~*~ (outnumbered).
  5909 | D:6      | Reached skill level 9 in Staves
  6090 | D:6      | 6090 ||| READING scroll labelled HIHINE UCANALEATH.
  6091 | D:6      | 6091 ||| READING 3 scrolls of identify.
  6091 | D:6      | 6091 ||| IDENTIFYING silvery potion
  6092 | D:6      | 6092 ||| READING 2 scrolls of identify.
  6092 | D:6      | 6092 ||| IDENTIFYING metallic orange potion
  6093 | D:6      | 6093 ||| DROPPING potion of ambrosia.
  6094 | D:6      | 6094 ||| Stepping randomly (stuck).
  6102 | D:6      | Reached skill level 6 in Armour
  6200 | D:6      | HP: 15/68 [poisoned by a killer bee]
  6201 | D:6      | 6201 ||| DRINKING 6 potions of heal wounds.
  6205 | D:6      | 6205 ||| DRINKING 5 potions of heal wounds.
  6211 | D:6      | HP: 17/68 [poisoned by a scorpion]
  6212 | D:6      | 6212 ||| DRINKING 4 potions of heal wounds.
  6698 | D:6      | 6698 ||| DROPPING ring of flight.
  6699 | D:6      | 6699 ||| DROPPING +6 ring of intelligence.
  6700 | D:6      | 6700 ||| READING scroll labelled KASMEIT XORR.
  6776 | D:7      | Found an ancient bone altar of Kikubaaqudgha.
  6920 | D:7      | Reached skill level 6 in Fighting
  7391 | D:7      | 7391 ||| UPGRADING to +0 cloak.
  7396 | D:7      | 7396 ||| READING 2 scrolls of identify.
  7396 | D:7      | 7396 ||| IDENTIFYING grey potion
  7397 | D:7      | 7397 ||| DROPPING potion of attraction.
  7429 | D:8      | Found a burning altar of Makhleb.
  7759 | D:8      | Reached ** piety under Yredelemnul
  7786 | D:8      | 7786 ||| STAIRDANCE
  8325 | D:7      | 8325 ||| DROPPING wand of iceblast (3).
  8338 | D:8      | 8338 ||| Stepping randomly (cloudy).
  8348 | D:8      | HP: 13/69 [steam dragon/ball of steam (18)]
  8349 | D:8      | 8349 ||| DRINKING 3 potions of heal wounds.
  8350 | D:8      | 8350 ||| Stepping ~*~*~tactically~*~*~ (outnumbered).
  8353 | D:8      | Reached XP level 10. HP: 37/76 MP: 10/10
  8357 | D:8      | 8357 ||| Stepping ~*~*~tactically~*~*~ (outnumbered).
  8358 | D:8      | 8358 ||| Stepping ~*~*~tactically~*~*~ (outnumbered).
  8359 | D:8      | 8359 ||| Stepping ~*~*~tactically~*~*~ (outnumbered).
  8361 | D:8      | HP: 17/76 [steam dragon (8)]
  8362 | D:8      | 8362 ||| DRINKING 2 potions of heal wounds.
  8366 | D:8      | 8366 ||| DRINKING potion of heal wounds.
  8368 | D:8      | Reached skill level 10 in Staves
  8368 | D:8      | 8368 ||| Stepping ~*~*~tactically~*~*~ (cloud).
  8370 | D:8      | 8370 ||| Stepping ~*~*~tactically~*~*~ (cloud).
  9468 | D:8      | 9468 ||| Stepping ~*~*~tactically~*~*~ (outnumbered).
  9471 | D:8      | 9471 ||| Stepping ~*~*~tactically~*~*~ (outnumbered).
  9472 | D:8      | 9472 ||| Stepping ~*~*~tactically~*~*~ (outnumbered).
  9475 | D:8      | 9475 ||| Stepping ~*~*~tactically~*~*~ (outnumbered).
  9476 | D:8      | 9476 ||| Stepping ~*~*~tactically~*~*~ (outnumbered).
  9478 | D:8      | 9478 ||| Stepping ~*~*~tactically~*~*~ (outnumbered).
  9479 | D:8      | 9479 ||| Stepping ~*~*~tactically~*~*~ (outnumbered).
  9480 | D:8      | 9480 ||| Stepping ~*~*~tactically~*~*~ (outnumbered).
  9494 | D:8      | HP: 12/76 [acid dragon/splash of acid (12)]
  9494 | D:8      | HP: 4/76 [acid (8)]
  9495 | D:8      | 9495 ||| DRINKING potion of heal wounds.
  9945 | D:8      | 9945 ||| Stepping ~*~*~tactically~*~*~ (water).
 10115 | D:8      | Found a broken altar of Ashenzari.
 10134 | D:8      | Found a shimmering altar of Xom.
 13566 | D:8      | 13566 ||| UPGRADING to amulet of faith.
 13571 | D:8      | 13571 ||| READING scroll labelled TUSKUD ANN.
 13572 | D:8      | 13572 ||| DRINKING 3 green potions.
 13573 | D:8      | 13573 ||| DROPPING 2 potions of flight.
 13590 | D:9      | Noticed a two-headed ogre
 13600 | D:9      | Killed a two-headed ogre
 13601 | D:9      | 13601 ||| STAIRDANCE
 13863 | D:9      | Noticed a deep elf pyromancer
 13880 | D:9      | Killed a deep elf pyromancer
 13881 | D:9      | Reached skill level 9 in Shields
 14183 | D:9      | 14183 ||| Stepping ~*~*~tactically~*~*~ (outnumbered).
 14196 | D:9      | 14196 ||| Stepping ~*~*~tactically~*~*~ (outnumbered).
 14198 | D:9      | 14198 ||| Stepping ~*~*~tactically~*~*~ (outnumbered).
 14199 | D:9      | HP: 6/80 [orc warrior (15)]
 14201 | D:9      | 14201 ||| Stepping ~*~*~tactically~*~*~ (outnumbered).
 14203 | D:9      | 14203 ||| Stepping ~*~*~tactically~*~*~ (outnumbered).
 14204 | D:9      | Mangled by an orc warrior

Levels and vault maps discovered:
D:1:      nicolae_arrival_somewhat_less_tricky_arrival, layout_basic,
          ebering_ecumenical_altar_webs, serial_shops,
          nicolae_shop_behind_doors, glass_columns_b
D:2:      layout_loops_cross, st_stairs_2, uniq_sigmund
D:3:      layout_loops_ring, gup_sewer_entry_bubbles
D:4:      layout_loops_ring, mainiacjoe_overflow_alcove_1,
          nicolae_hepliaklqana_hippocampus, nicolae_ru_awakened_eye,
          general_overflow_altar, uniq_menkaure
D:5:      minmay_angry_zag, layout_cave_pools,
          mainiacjoe_overflow_six_doors_small, temple_fountains, serial_rivers,
          chequers_serial_rivers_micro_c, chequers_serial_rivers_room_b,
          chequers_serial_rivers_large_b, chequers_serial_rivers_micro_e
D:6:      layout_basic, trog_three_pillars_becter, minmay_checkerbox
D:7:      layout_loops_ring, mainiacjoe_overflow_boulevard
D:8:      layout_cave_pods, lemuel_tele_altar, minitemple, serial_park,
          serial_park_tiny_1, serial_park_fountain, serial_park_square3
          [serial_park_minivault_5x5_3], serial_park_tiny_2
D:9:      minmay_recursive_quarters, layout_irregular_city,
          minmay_lair_entry_grove, enter_bailey_3

Skill      XL: |  1  2  3  4  5  6  7  8  9 10 |
---------------+-------------------------------+-----
Staves         | 3 5 6 7 8 9 10 | 10.2
Dodging        | 1 |  1.0
Shields        | 4 6 7 9 |  9.2
Armour         | 4 5 7 8 |  8.0
Fighting       | 4 5 6 7 |  7.7

Action                   |  1- 3 |  4- 6 |  7- 9 | 10-12 || total
-------------------------+-------+-------+-------+-------++-------
Melee: Quarterstaff      |    65 |   182 |   307 |   131 ||   685
Invok: Recall Undead Sla |       |       |    28 |   276 ||   304
  Use: Scroll            |     2 |     5 |     9 |     1 ||    17
       Potion            |       |       |     5 |     4 ||     9
Armor: Scale mail        |    23 |    24 |       |       ||    47
       Crystal plate arm |       |    71 |   221 |    97 ||   389
Dodge: Dodged            |    14 |    17 |    25 |    30 ||    86
Block: Kite shield       |    24 |    55 |   130 |    81 ||   290

Table legend:
 A = Non-vault XP
 B = Vault XP
 C = Vault XP percentage of total XP
 D = Non-vault monster count
 E = Vault monster count
 F = Vault count percentage of total count
                 A         B        C        D         E       F
            +---------+---------+-------+---------+---------+-------
      Total |    4885 |    2514 |  34.0 |     130 |      33 |  20.2
            +---------+---------+-------+---------+---------+-------
        D:1 |      28 |       0 |   0.0 |      19 |       0 |   0.0
        D:2 |      42 |     225 |  84.3 |      19 |       3 |  13.6
        D:3 |      80 |      33 |  29.2 |      17 |       7 |  29.2
        D:4 |      53 |     172 |  76.4 |      17 |       1 |   5.6
        D:5 |     765 |     222 |  22.5 |      12 |       6 |  33.3
        D:6 |    1140 |     270 |  19.1 |      21 |       4 |  16.0
        D:7 |     529 |       0 |   0.0 |       6 |       0 |   0.0
        D:8 |    1180 |     555 |  32.0 |      15 |       7 |  31.8
        D:9 |    1068 |    1037 |  49.3 |       4 |       5 |  55.6
            +---------+---------+-------+---------+---------+-------
